 Dungeon Crawl Stone Soup version 0.30-a0-702-gdf48620a09 (webtiles) character file.

Game seed: 15643924325416522776

1527 drugrobin the Martial Artist (level 8, -4/62 HPs)
             Began as a Demigod Delver on Jan 22, 2023.
             Slain by a yak (13 damage)
             ... on level 5 of the Dungeon.
             The game lasted 00:15:09 (6142 turns).

drugrobin the Martial Artist (Demigod Delver)       Turns: 6142, Time: 00:15:10

Health: -4/62      AC:  8    Str: 17    XL:     8   Next: 29%
Magic:  10/10      EV:  7    Int: 12    God:
Gold:   274        SH:  0    Dex: 19    Spells: 6/7 levels left

rFire   . . .      SeeInvis .      - Unarmed
rCold   . . .      Faith    .    (no shield)
rNeg    . . .      Spirit   .    y - +0 chain mail
rPois   .          Reflect  .    (no helmet)
rElec   .          Harm     .    (no cloak)
rCorr   .          Rampage  .    (no gloves)
Will    .....                    (no boots) Stlth
                                 n - amulet of magic regeneration
HPRegen 0.30/turn                (no ring)
MPRegen 0.52/turn                (no ring)

@: no status effects
A: high MP 1, forlorn, divine attributes
a: no special abilities


You were on level 5 of the Dungeon.
You visited 1 branch of the dungeon, and saw 6 of its levels.
You also visited: Sewer.

You collected 274 gold pieces.

Inventory:

Hand Weapons
 b - a +0 short sword of venom
 c - a +0 sling
Missiles
 j - 3 poisoned darts
 l - 2 boomerangs (quivered)
Armour
 a - a +0 leather armour
 y - a +0 chain mail (worn)
Jewellery
 n - an amulet of magic regeneration (around neck)
Wands
 f - a wand of digging (3)
 r - a wand of mindburst (4)
 s - a wand of light (3)
Scrolls
 d - 3 scrolls of fear
 g - 6 scrolls of magic mapping
 i - 4 scrolls of teleportation {unknown}
 k - 2 scrolls of fog
 o - a scroll of enchant armour
 p - a scroll of butterflies
 t - 2 scrolls of immolation
 u - a scroll of blinking
Potions
 e - 3 potions of haste
 h - a potion of lignification
 m - 3 potions of might
 q - a potion of curing
 v - a potion of brilliance {unknown}
 w - a potion of flight {unknown}
 x - a potion of heal wounds {unknown}


   Skills:
 - Level 2.6 Fighting
 - Level 1.7 Dodging
 - Level 4.5 Stealth
 + Level 9.1 Unarmed Combat
 - Level 4.0 Evocations


You had 6 spell levels left.
You knew the following spells:

 Your Spells              Type           Power      Damage    Failure   Level
a - Shock                 Conj/Air       0%         1d3       99%         1

Your spell library contained the following spells:

 Spells                   Type           Power      Damage    Failure   Level
 Call Canine Familiar     Summ           0%         N/A       100%        3
 Ignite Poison            Fire/Tmut/Pois 0%         N/A       100%        3
 Kindle Blastsparks       Fire/Tloc/Air  0%         2d10      100%        3
 Portal Projectile        Hex/Tloc       0%         N/A       100%        3
 Leda's Liquefaction      Hex/Erth       0%         N/A       100%        4
 Freezing Cloud           Conj/Ice/Air   0%         6-21      100%        5


Dungeon Overview and Level Annotations

Branches:
Dungeon (6/15)             Temple (0/1) D:4           Sewer (visited)


Innate Abilities, Weirdness & Mutations

You have an increased reservoir of magic. (+10% MP)
You shall have no god before yourself.
Your divine heritage dramatically boosts your attributes as you level up.


Message History

Your punch misses the scorpion.
The scorpion stings you but does no damage.
You hit the scorpion.
The scorpion looks as sick as possible!
The scorpion is moderately wounded.
The scorpion barely misses you.
You hit the scorpion.
The scorpion looks as sick as possible!
The scorpion is almost dead.
You kill the scorpion!
Things that are here:
a scorpion corpse; a hound corpse You barely miss the yak.
The yak gores you.
You hit the yak but do no damage. The yak gores you!
You barely miss the yak. The yak gores you but does no damage.
You hit the yak but do no damage.
The yak is poisoned.
The yak gores you!
You closely miss the yak. The yak barely misses you.
Your +0 short sword of venom stops dripping with poison.
You are now empty-handed.
You hit the yak but do no damage. The yak gores you!
The yak attacks as you move away! The yak gores you!
* * * LOW HITPOINT WARNING * * *
Things that are here:
a scorpion corpse; a hound corpse Unknown command.
Unknown command.
You punch the yak!
The yak is moderately wounded.
The yak gores you.
* * * LOW HITPOINT WARNING * * *
Unknown command.
Unknown command.
Unknown command.
Aiming: Bolt of Light
Press: ? - help, Shift-Dir - straight line, f - yak
Aim: a yak (moderately wounded, very poisoned, 84% to hit)
The bolt of light hits the yak!
The yak is severely wounded.
The yak is blinded.
You hear a bellow! x2
The yak gores you!
You die...

..............##)...#.#.#
##............##..#...#.#
...#####'##.......#.#.#.#####
...##........####...#(#.....#
...##...........###.#.#####.#
...##...........###.#.......#
....................#########
......<.##....#######..,,,#******
........##......@Y..#.#**.#,,,,,*
........##...######.#.#,..*,#*,**
........##...###..#.#.#.#...Y,,,*
........##...##.........sY...,,**
.............#..##...###...##,,*
...............#*#.#.#,*,*.#**,*
...............#*#...#,*,,,***,*
###...............###.,,***,,,,*
.....S..........#.*,*.#,*,*,*,,*


You could see a yak (blind, very poisoned).

Vanquished Creatures
  4 ogres (D:5)
  A phantom (D:5)
  2 necrophages
  2 scorpions (D:5)
  A jelly (D:4)
  4 hounds
  An orc priest (D:4)
  2 gnoll boudas
  3 iguanas (D:4)
  6 orc wizards
  A hell rat (Sewer)
  12 gnolls
  11 adders
  3 river rats (Sewer)
  4 worms
  3 dart slugs
  5 orcs
  6 ball pythons
  9 endoplasms
  4 giant cockroaches
  8 goblins
  7 hobgoblins
  9 kobolds
  4 quokkas
  5 bats
  5 frilled lizards
  10 rats
132 creatures vanquished.

Vanquished Creatures (others)
  An orc wizard (D:3)
1 creature vanquished.

Grand Total: 133 creatures vanquished

Notes
Turn   | Place    | Note
-------+----------+-------------------------------------------
     0 | D:5      | drugrobin the Demigod Delver began the quest for the Orb.
     0 | D:5      | Reached XP level 1. HP: 18/18 MP: 3/3
     6 | D:5      | Noticed a hound
    34 | D:6      | Noticed a water moccasin
    42 | D:5      | Noticed a phantom
    70 | D:5      | Found a glowing drain.
    76 | D:5      | Noticed a necrophage
    78 | D:5      | Noticed an iguana
    86 | D:5      | Noticed an ogre
    89 | Sewer    | Entered a sewer
   113 | Sewer    | Reached skill level 2 in Unarmed Combat
   113 | Sewer    | Reached XP level 2. HP: 10/25 MP: 4/4
   208 | Sewer    | Reached skill level 3 in Unarmed Combat
   299 | Sewer    | Reached XP level 3. HP: 17/30 MP: 5/5
   455 | D:2      | Reached skill level 4 in Unarmed Combat
   561 | D:2      | Reached XP level 4. HP: 31/37 MP: 6/6
  2014 | D:2      | Reached skill level 5 in Unarmed Combat
  2014 | D:2      | Reached XP level 5. HP: 31/42 MP: 7/7
  2949 | D:3      | Reached skill level 1 in Evocations
  3090 | D:3      | Got Vehumet's Volume of Wounds
  3093 | D:3      | Learned a level 1 spell: Shock
  3167 | D:3      | Reached XP level 6. HP: 45/50 MP: 8/8
  4116 | D:4      | Reached skill level 6 in Unarmed Combat
  4463 | D:4      | Found a staircase to the Ecumenical Temple.
  4537 | D:4      | Reached XP level 7. HP: 39/56 MP: 9/9
  5014 | D:5      | Reached skill level 7 in Unarmed Combat
  5587 | D:5      | Reached skill level 8 in Unarmed Combat
  5609 | D:5      | Reached XP level 8. HP: 34/62 MP: 10/10
  6127 | D:5      | Reached skill level 9 in Unarmed Combat
  6142 | D:5      | Slain by a yak

Illustrated notes

Levels and vault maps discovered:
D:1:      lemuel_arrival_hallway, layout_loops_corners,
          ebering_ecumenical_altar_abandoned, minivault_19
D:2:      minmay_evil_eye, layout_loops_ring
D:3:      layout_loops_cross, palyth_temple_overflow_mages
D:4:      layout_gridville, minitemple, minmay_temple_entry_slanted,
          hangedman_decor_push
D:5:      layout_basic, cheibrodos_sewer_entry_drain, minmay_starry_boxes
D:6:      layout_basic, minmay_ogre_servants

Skill      XL: |  1  2  3  4  5  6  7  8 |
---------------+-------------------------+-----
Unarmed Combat | 2 3 4 5 6 8 9 |  9.1
Evocations     | 2 3 4 |  4.0
Fighting       | |  2.6
Dodging        | |  1.7
Stealth        | |  4.5

Action                   |  1- 3 |  4- 6 |  7- 9 || total
-------------------------+-------+-------+-------++-------
Melee: Unarmed           |    31 |   101 |   124 ||   256
       Short sword       |     9 |   139 |    15 ||   163
       Punch             |     1 |    15 |     7 ||    23
 Fire: Sling             |       |    11 |     2 ||    13
Throw: Boomerang         |    10 |     7 |    43 ||    60
       Dart              |       |       |     7 ||     7
 Cast: Shock             |       |     4 |       ||     4
Evoke: Wand              |    10 |     1 |     6 ||    17
  Use: Potion            |     2 |     4 |       ||     6
       Scroll            |     1 |    10 |       ||    11
 Stab: Invisible         |     3 |       |       ||     3
       Sleeping          |     3 |    12 |     1 ||    16
       Distracted        |       |     1 |       ||     1
Armor: Leather armour    |     5 |    37 |     9 ||    51
       Skin              |       |    24 |       ||    24
       Chain mail        |       |       |    29 ||    29
Dodge: Dodged            |    28 |   104 |    63 ||   195

Table legend: (Time is in decaauts)
 A = Elapsed time spent in this place.
 B = Non-inter-level travel time spent in this place.
 C = Inter-level travel time spent in this place.
 D = Time resting spent in this place.
 E = Time spent auto-exploring this place.
 F = Levels seen in this place.
 G = Mean time per level.
                   A        B        C        D        E       F      G
               +--------+--------+--------+--------+--------+-----+--------+
         Total |   6105 |   5852 |    253 |   1203 |   3059 |   7 |  872.1 |
       Dungeon |   5818 |   5565 |    253 |   1039 |   3022 |   6 |  969.7 |
         Sewer |    287 |    287 |      0 |    164 |     37 |   1 |  287.0 |
               +--------+--------+--------+--------+--------+-----+--------+

Top non-repeatable levels by time:
     D:4: 1872 daAuts
     D:5: 1038 daAuts
     D:3: 1023 daAuts
     D:2: 984 daAuts
     D:1: 897 daAuts
   Sewer: 287 daAuts
     D:6: 1 daAuts
